 Dungeon Crawl Stone Soup version 0.17-a0-1632-g0af21bd (webtiles) character file.

165 Oddball22 the Digger (level 5, -2/28 HPs)
             Began as a Gargoyle Earth Elementalist on Aug 3, 2015.
             Slain by an orc priest
             ... wielding a +0 flail
              (7 damage)
             ... on level 3 of the Dungeon.
             The game lasted 00:12:04 (3064 turns).

Oddball22 the Digger (Gargoyle Earth Elementalist)  Turns: 3064, Time: 00:12:04

Health: -2/28      AC:  8    Str: 13    XL:     5   Next: 46%
Magic:  5/9        EV: 12    Int: 15    God:
Gold:   107        SH:  0    Dex: 10    Spells: 3 memorised, 3 levels left

rFire  . . .     SeeInvis .     z - +1 whip (drain)
rCold  . . .     Clarity  .     b - +0 robe
rNeg   + . .     SustAt   .     (no shield)
rPois  ∞         Gourm    .     (no helmet)
rElec  +         Spirit   .     w - +0 cloak
rCorr  .         Warding  .     m - +0 pair of gloves
rMut   .         Stasis   .     (no boots)
MR     .....                    (no amulet)
Stlth  ++........               (no ring)
                                (no ring)

@: not resistant to hostile enchantments, unstealthy
A: negative energy resistance 1, electricity resistance, unbreathing,
petrification resistance, rot immunity, AC +4
a: no special abilities


You were on level 3 of the Dungeon.
You were not hungry.

You visited 1 branch of the dungeon, and saw 3 of its levels.

You collected 107 gold pieces.

Inventory:

Hand weapons
 u - a +0 spear
 y - a +0 dagger
 z - a +1 whip of draining (weapon)
Missiles
 a - 47 stones (quivered)
 i - 16 bolts
Armour
 b - a +0 robe (worn)
 m - a +0 pair of gloves (worn)
 w - a +0 cloak (worn)
Jewellery
 e - an uncursed ring of teleportation
Scrolls
 h - 2 scrolls of immolation {unknown}
 j - a scroll of enchant armour {unknown}
 k - 2 scrolls of identify {unknown}
 n - a scroll of remove curse
 o - 2 scrolls of recharging {unknown}
 t - a scroll of blinking {unknown}
 v - a scroll of teleportation {unknown}
Potions
 l - 2 potions of brilliance {unknown}
 p - a potion of degeneration {unknown}
 r - a potion of might {unknown}
 s - a potion of flight {unknown}
Books
 c - a book of Geomancy

   Spells                             Type                      Level
   a - Sandblast                      Earth                        1
   b - Stoneskin                      Transmutation/Earth          2
   c - Passwall                       Transmutation/Earth          3
   d - Stone Arrow                    Conjuration/Earth            3
   e - Petrify                        Transmutation/Earth          4
   f - Lee's Rapid Deconstruction     Earth                        5
Comestibles
 d - 2 bread rations
 f - 8 chunks of flesh
 q - a royal jelly
 x - 3 fruits


   Skills:
 - Level 1.5 Dodging
 - Level 2.1 Stealth
 - Level 2.8 Spellcasting
 * Level 2.2 Transmutations
 + Level 5.7 Earth Magic


You had 3 spell levels left.
You knew the following spells:

 Your Spells              Type           Power        Failure   Level  Hunger
a - Sandblast             Erth           ###...       1%          1    #......
b - Stoneskin             Trmt/Erth      ##......     8%          2    ##.....
c - Passwall              Trmt/Erth      ##........   14%         3    ###....


Dungeon Overview and Level Annotations

Branches:
Dungeon (3/15)

Altars:


Innate Abilities, Weirdness & Mutations

You are resistant to torment.
Your stone body is resilient (AC +4).
You are immune to poison.
You resist negative energy.
You are resistant to electric shocks.
You can survive without breathing.
You are immune to petrification.
You are immune to rotting.


Message History

The floor.
Casting: Sandblast
Confirm with . or Enter, or press ? or * to list all spells.
Aiming: Sandblast
Press: ? - help, Shift-Dir - straight line, f/p - orc priest
Aim: an orc priest, wielding a flail and wearing a ring mail (moderately wounded, heavily drained)
The blast of sand hits the orc priest.
The orc priest is moderately wounded.
The orc priest hits you with a flail!
* * * LOW HITPOINT WARNING * * *
You are too injured to fight recklessly!
You are too injured to fight recklessly!
You are too injured to fight recklessly!
You closely miss the orc priest.
The orc priest is moderately wounded.
The orc priest barely misses you.
You hit the orc priest but do no damage.
The orc priest is lightly wounded.
The orc priest hits you with a flail!
You die...

#..g .... #..#
#..# #..# #..
#.# # #.# #
##.#####@#.#.#
#...<..o.....#
#.....#######.#
#...<....
........>.
..........#
..#.....#.#
.......o#.#
.....#.#.#


You could see an orc priest.

Vanquished Creatures
  2 orc priests (D:2)
  4 gnolls (D:2)
  2 adders
  3 worms (D:2)
  A giant gecko (D:1)
  4 orcs (D:2)
  A bat (D:1)
  A giant cockroach (D:2)
  4 goblins
  3 hobgoblins
  4 jackals (D:2)
  5 kobolds
  2 quokkas
  5 giant newts
  8 rats
49 creatures vanquished.

Vanquished Creatures (others)
  5 toadstools (D:1)
5 creatures vanquished.

Grand Total: 54 creatures vanquished

Notes
Turn   | Place    | Note
--------------------------------------------------------------
     0 | D:1      | Oddball22 the Gargoyle Earth Elementalist began the quest for the Orb.
     0 | D:1      | Reached XP level 1. HP: 10/10 MP: 3/3
   362 | D:1      | Reached skill level 4 in Earth Magic
   431 | D:1      | Reached XP level 2. HP: 15/15 MP: 1/5
  1106 | D:2      | Reached XP level 3. HP: 10/19 MP: 0/6
  1668 | D:2      | Reached skill level 5 in Earth Magic
  2010 | D:2      | Reached XP level 4. HP: 18/24 MP: 0/8
  2080 | D:2      | Learned a level 2 spell: Stoneskin
  2084 | D:2      | Learned a level 3 spell: Passwall
  2175 | D:2      | Reached skill level 1 in Transmutations
  2801 | D:2      | Reached XP level 5. HP: 28/28 MP: 6/9
  3064 | D:3      | Slain by an orc priest

Vault maps used:
D:1:      ldierk_walled_garden
D:2:      minmay_misc_feat_ornament
D:3:      okawaru_ov_weapons_minmay, lemuel_doored_altar

Action                   |  1- 3 |  4- 6 || total
-------------------------+-------+-------++-------
Melee: Spear             |    18 |    24 ||    42
       Club              |     5 |       ||     5
       Dagger            |       |     4 ||     4
       Whip              |       |    39 ||    39
 Cast: Sandblast         |    71 |    36 ||   107
       Stoneskin         |       |     3 ||     3
  Use: Scroll            |     1 |       ||     1
       Potion            |     1 |     1 ||     2
 Stab: Sleeping          |     3 |       ||     3
  Eat: Chunk             |     4 |     4 ||     8
